Map: Dusk Towers

Players

oliM - Winner!

  • Race: Protoss Protoss
  • League: Master

Heretic

  • Race: Zerg Zerg
  • League: Master

VOD

Have the link to the VOD?

Description

Time

  • Played on: Feb. 10, 2016, 10:14 p.m.
  • Length: 19:23
Show
View Real Time Build Order
Export as new Build Order

oliM Protoss - Winner!

Build Orders: Nexus First, Phoenix Opening 

Get SALT Encoding   

  12  0:01  Probe (Chrono Boost)  
  13  0:12  Probe (Chrono Boost)  
  14  0:17  Pylon  
  14  0:22  Probe (Chrono Boost)  
  15  0:36  Probe (Chrono Boost)  
  16  0:46  Probe (Chrono Boost)  
  17  0:58  Nexus  
  17  1:07  Gateway  
  17  1:11  Probe (Chrono Boost)  
  18  1:20  Assimilator  
  18  1:21  Probe (Chrono Boost)  
  18  1:25  Assimilator  
  19  1:32  Probe (Chrono Boost)  
  20  1:42  Probe (Chrono Boost), Pylon  
  21  1:53  Probe (Chrono Boost)  
  22  2:03  Probe (Chrono Boost)  
  22  2:04  Cybernetics Core  
  22  2:06  Zealot  
  25  2:11  Probe (Chrono Boost)  
  25  2:14  Probe (Chrono Boost)  
  27  2:22  Probe (Chrono Boost)  
  28  2:24  Probe (Chrono Boost)  
  29  2:32  Probe (Chrono Boost)  
  29  2:35  Probe (Chrono Boost)  
  31  2:43  Probe (Chrono Boost)  
  32  2:44  Stargate  
  32  2:46  Probe (Chrono Boost)  
  33  2:53  Probe (Chrono Boost)  
  33  2:56  Mothership Core (Chrono Boost), Stalker  
  38  3:04  Probe (Chrono Boost)  
  39  3:06  Warp Gate  
  39  3:15  Probe x2 (Chrono Boost)  
  41  3:24  Probe (Chrono Boost)  
  41  3:25  Probe (Chrono Boost)  
  43  3:27  Gateway  
  43  3:29  Gateway  
  43  3:30  Phoenix (Chrono Boost)  
  45  3:34  Probe  
  45  3:40  Pylon  
  46  3:43  Pylon  
  46  3:56  Probe  
  46  3:58  Probe, Phoenix (Chrono Boost)  
  49  4:07  Probe  
  49  4:09  Forge  
  50  4:10  Probe  
  51  4:17  Adept, Probe  
  51  4:18  Adept  
  51  4:20  Phoenix (Chrono Boost)  
  51  4:22  Probe  
  59  4:28  Probe  
  59  4:29  Nexus  
  60  4:34  Probe, Pylon  
  60  4:37  Pylon  
  61  4:41  Phoenix (Chrono Boost)  
  62  4:48  Protoss Ground Weapons Level 1  
  62  4:51  Assimilator  
  62  4:52  Probe  
  63  4:58  Assimilator  
  63  5:07  Probe x2  
  65  5:14  Robotics Facility  
  65  5:16  Pylon  
  65  5:17  Probe  
  65  5:20  Probe  
  67  5:28  Probe  
  67  5:32  Probe  
  69  5:36  Gateway  
  69  5:37  Twilight Council  
  69  5:38  Probe, Gateway  
  69  5:40  Probe  
  71  5:43  Pylon  
  71  5:44  Probe  
  71  5:49  Probe, Pylon  
  72  5:50  Probe  
  72  5:56  Probe, Sentry x2  
  79  5:59  Probe  
  79  6:00  Assimilator  
  79  6:01  Probe  
  81  6:05  Assimilator  
  81  6:08  Probe  
  81  6:10  Probe  
  82  6:12  Probe  
  84  6:20  Probe x2  
  84  6:22  Probe  
  84  6:23  Photon Cannon  
  84  6:24  Photon Cannon  
  87  6:25  Charge (Chrono Boost)  
  87  6:26  Photon Cannon  
  87  6:31  Adept x3, Probe  
  94  6:33  Probe x2  
  94  6:35  Observer (Chrono Boost)  
  97  6:41  Probe  
  97  6:45  Probe  
  99  6:50  Zealot x2  
  99  6:51  Zealot x3  
  109  6:56  Observer (Chrono Boost)  
  110  7:06  Protoss Ground Weapons Level 2 (Chrono Boost)  
  110  7:07  Probe  
  111  7:15  Templar Archives  
  111  7:18  Gateway, Zealot x3  
  111  7:22  Pylon, Gateway  
  117  7:25  Pylon, Gateway  
  117  7:27  Photon Cannon, Pylon x2  
  117  7:38  Warp Prism  
  111  7:46  Zealot x3  
  111  7:47  Zealot x2  
  119  7:52  Probe  
  118  7:58  Probe, Blink  
  107  8:09  Probe  
  100  8:15  Immortal (Chrono Boost)  
  100  8:17  Probe  
  101  8:20  Psionic Storm, Zealot x5  
  101  8:24  Probe  
  101  8:26  Zealot x3  
  116  8:30  Probe  
  109  8:37  Gateway  
  109  8:38  Gateway  
  109  8:41  High Templar  
  109  8:42  High Templar x3  
  109  8:43  High Templar  
  119  8:49  Immortal (Chrono Boost)  
  119  8:50  Probe  
  124  8:56  Robotics Facility  
  124  9:00  Zealot x3  
  130  9:03  Pylon  
  130  9:04  Pylon  
  130  9:06  Pylon  
  130  9:24  Zealot x3  
  130  9:25  Zealot x5  
  130  9:27  Immortal (Chrono Boost)  
  150  9:32  Protoss Ground Weapons Level 3 (Chrono Boost)  
  150  9:45  Nexus  
  150  9:48  Pylon  
  150  9:49  High Templar x3, Pylon  
  150  9:50  High Templar x2  
  150  9:51  High Templar  
  150  9:52  Zealot x4  
  170  9:56  Immortal (Chrono Boost)  
  170  9:58  Archon x3  
  173  10:05  Oracle  
  173  10:06  Immortal (Chrono Boost)  
  180  10:08  Photon Cannon  
  180  10:10  Photon Cannon  
  180  10:12  Photon Cannon  
  180  10:27  Zealot x4  
  188  10:41  Assimilator  
  188  10:46  Assimilator  
  188  10:50  Immortal  
  182  10:57  Archon  
  182  10:58  Archon  
  132  11:05  Immortal, Zealot  
  132  11:06  Zealot x4  
  132  11:07  Zealot x4  
  132  11:11  Zealot  
  146  11:25  Immortal  
  132  11:29  Zealot x3  
  132  11:30  Zealot x4  
  150  11:34  High Templar x2  
  150  11:35  High Templar  
  150  11:39  Immortal  
  156  11:41  Probe  
  156  11:42  Probe  
  156  11:46  Dark Shrine  
  162  11:54  Zealot  
  162  11:55  Sentry, Zealot  
  162  11:56  Zealot x3  
  162  11:59  Immortal  
  174  12:01  Zealot  
  172  12:13  Archon  
  172  12:15  Zealot x4  
  142  12:16  Immortal  
  109  12:33  Immortal  
  109  12:38  Probe x2  
  109  12:44  Probe  
  116  12:47  High Templar x2  
  116  12:48  High Templar x3  
  116  12:50  Immortal  
  130  13:02  Dark Templar x2  
  126  13:09  Probe (Chrono Boost), Pylon  
  126  13:12  Probe x3 (Chrono Boost)  
  130  13:22  Probe (Chrono Boost)  
  130  13:24  Probe (Chrono Boost)  
  132  13:27  Probe (Chrono Boost)  
  132  13:31  Zealot  
  132  13:33  High Templar x4  
  143  13:34  Immortal  
  143  13:38  Archon  
  143  13:41  Archon  
  147  13:43  Probe x2 (Chrono Boost)  
  147  13:44  Probe (Chrono Boost)  
  147  13:45  Probe (Chrono Boost)  
  147  13:46  High Templar x2  
  155  13:50  Archon  
  156  13:55  Probe (Chrono Boost)  
  156  13:59  Dark Templar  
  156  14:00  Dark Templar  
  161  14:04  Probe x2 (Chrono Boost)  
  161  14:07  Protoss Ground Armor Level 1  
  161  14:08  Probe (Chrono Boost)  
  164  14:18  Probe (Chrono Boost)  
  164  14:25  Zealot x3  
  164  14:26  Observer, Zealot x2  
  171  14:49  Dark Templar x2  
  171  14:50  Dark Templar x2  
  179  15:13  Nexus  
  179  15:14  Zealot x3  
  179  15:15  Pylon, Zealot x2  
  179  15:17  Pylon  
  189  15:24  Archon  
  189  15:27  Phoenix (Chrono Boost)  
  161  15:38  High Templar x4  
  161  15:39  High Templar x3  
  172  15:44  Archon  
  172  15:45  Archon x2  
  172  15:46  Dark Templar  
  172  15:48  Zealot  
  168  15:50  Phoenix (Chrono Boost)  
  165  16:10  Stalker  
  165  16:11  Phoenix (Chrono Boost), Stalker x3  
  172  16:23  Stalker  
  172  16:24  Stalker x2  
  174  16:31  Stalker x2  
  171  16:33  Phoenix (Chrono Boost)  
  165  16:41  Probe  
  159  16:48  Stalker x3  
  150  16:55  Phoenix (Chrono Boost)  
  150  17:00  Probe  
  120  17:30  High Templar x2  
  118  18:16  Zealot x3  
  118  18:17  Zealot  
Show
View Real Time Build Order
Export as new Build Order

Heretic Zerg 

Build Orders: Pool First, Lurkers 

Get SALT Encoding   

  12  0:01  Drone  
  13  0:13  Overlord  
  13  0:16  Drone  
  14  0:31  Drone  
  14  0:32  Drone  
  14  0:35  Drone  
  17  0:45  Spawning Pool  
  16  0:50  Drone  
  17  1:08  Hatchery  
  16  1:12  Drone  
  16  1:15  Extractor  
  16  1:16  Drone  
  17  1:21  Drone  
  18  1:31  Drone  
  19  1:39  Overlord  
  19  1:51  Zergling x2  
  19  1:53  Queen  
  22  2:03  Zergling x2  
  23  2:13  Zergling x2  
  24  2:16  Metabolic Boost  
  24  2:21  Queen, Zergling x2  
  27  2:25  Drone  
  28  2:34  Queen, Drone x2  
  32  2:47  Drone x2  
  34  2:53  Overlord  
  34  3:01  Hatchery  
  33  3:18  Drone x2  
  33  3:19  Drone  
  36  3:20  Drone x2  
  36  3:23  Drone  
  37  3:27  Drone  
  37  3:30  Drone x3  
  41  3:36  Overlord  
  41  3:37  Extractor  
  40  3:42  Drone x2  
  40  3:47  Evolution Chamber  
  41  3:49  Evolution Chamber, Drone  
  41  3:53  Drone x2  
  41  3:55  Overlord  
  43  4:06  Overlord x2  
  43  4:10  Spore Crawler  
  43  4:12  Spore Crawler  
  41  4:20  Zerg Melee Weapons Level 1, Zerg Ground Armor Level 1  
  41  4:22  Drone  
  42  4:26  Queen  
  42  4:29  Drone  
  42  4:30  Drone  
  46  4:31  Drone  
  46  4:34  Drone  
  48  4:43  Drone x5  
  53  4:47  Drone  
  53  4:48  Drone  
  53  4:52  Lair  
  55  4:57  Extractor  
  55  4:59  Drone x3  
  57  5:03  Spore Crawler  
  54  5:07  Drone x3  
  54  5:08  Drone  
  54  5:11  Extractor  
  57  5:17  Drone  
  58  5:23  Drone x5  
  58  5:26  Zergling x2  
  58  5:27  Overlord, Zergling x2  
  58  5:28  Overlord  
  65  5:32  Roach Warren  
  64  5:49  Drone x5  
  69  5:55  Zergling x2  
  69  5:56  Zergling x18  
  79  5:57  Infestation Pit  
  79  5:59  Extractor  
  75  6:06  Overlord  
  75  6:08  Overlord  
  75  6:09  Overlord  
  75  6:20  Zerg Melee Weapons Level 2, Zerg Ground Armor Level 2  
  75  6:31  Drone x4  
  75  6:32  Glial Reconstitution  
  77  6:33  Hive  
  70  6:53  Zergling x10  
  70  6:54  Zergling x18  
  79  7:03  Hatchery, Zergling x4  
  80  7:10  Overlord x2  
  80  7:11  Overlord x2, Queen, Hydralisk Den  
  80  7:14  Overlord  
  81  7:20  Overlord  
  81  7:23  Overlord  
  81  7:28  Pathogen Glands  
  81  7:36  Roach x3  
  81  7:37  Zergling x4, Roach x4  
  93  7:44  Lurker Den  
  95  7:47  Zergling x4  
  91  7:58  Roach  
  91  8:02  Zergling x6  
  91  8:05  Zergling x10  
  91  8:10  Zergling x4  
  91  8:11  Zergling x2  
  93  8:22  Ultralisk Cavern  
  93  8:23  Zergling x2  
  93  8:24  Adrenal Glands  
  93  8:26  Drone x2  
  94  8:27  Drone x3  
  94  8:28  Queen, Drone x2  
  99  8:35  Drone x2  
  99  8:38  Zerg Ground Armor Level 3, Zerg Melee Weapons Level 3  
  101  8:42  Drone x3  
  101  8:43  Drone  
  105  8:54  Extractor  
  104  8:59  Hydralisk x6  
  104  9:02  Spore Crawler  
  115  9:04  Overlord  
  115  9:05  Overlord  
  115  9:22  Chitinous Plating  
  115  9:26  Ultralisk x3  
  115  9:30  Extractor  
  132  9:33  Extractor  
  132  9:36  Overseer  
  132  9:38  Lurker x2  
  132  9:42  Zergling x6  
  132  9:43  Overlord x2  
  132  9:44  Overlord x3  
  136  9:54  Overlord x2  
  136  10:01  Overlord x2  
  136  10:05  Lurker x4  
  140  10:32  Ultralisk x3  
  140  10:33  Zergling x20  
  140  10:34  Zergling x16  
  176  10:56  Zergling x4  
  176  10:57  Zergling x8  
  156  10:58  Zergling x2  
  156  10:59  Ultralisk x2  
  156  11:02  Zergling x4  
  156  11:03  Zergling x4  
  148  11:07  Zergling x2  
  148  11:10  Zergling x6  
  147  11:16  Zergling x6  
  147  11:17  Zergling x6  
  151  11:25  Ultralisk Cavern  
  148  11:33  Hydralisk x4  
  156  11:40  Drone x3  
  156  11:41  Drone  
  156  12:04  Zergling x26  
  161  12:12  Zergling x4  
  127  12:17  Zergling x8  
  114  12:29  Zergling x2  
  84  12:32  Drone x3  
  83  12:40  Spire  
  83  12:42  Ultralisk x2  
  94  12:58  Ultralisk  
  93  13:04  Ultralisk  
  92  13:11  Infestor x2  
  92  13:12  Infestor  
  98  13:23  Ultralisk  
  100  13:41  Ultralisk  
  105  13:59  Mutalisk x7  
  105  14:01  Mutalisk  
  121  14:06  Mutalisk  
  121  14:09  Mutalisk  
  125  14:11  Mutalisk  
  125  14:13  Hatchery  
  125  14:16  Zerg Flyer Weapons Level 1  
  126  14:17  Mutalisk  
  126  14:23  Mutalisk x2  
  132  14:30  Overseer  
  132  14:37  Mutalisk x2  
  136  14:41  Mutalisk  
  136  14:43  Mutalisk  
  136  14:44  Zergling x2  
  136  14:45  Zergling x16  
  149  14:51  Mutalisk  
  151  14:55  Zergling x10  
  156  15:03  Mutalisk  
  159  15:10  Hatchery  
  159  15:13  Zergling x4  
  159  15:14  Zergling x4  
  162  15:17  Zergling x8  
  163  15:24  Zergling x10  
  163  15:27  Zergling x2  
  143  15:29  Zergling x4  
  145  15:35  Zergling x2  
  143  15:50  Lair  
  143  15:51  Zergling x12  
  139  16:03  Zergling x6  
  136  16:06  Mutalisk  
  136  16:10  Zergling x2  
  142  16:47  Spawning Pool  
  142  16:48  Burrow  
  129  16:58  Ultralisk x3  
  118  17:41  Zergling x6  
  121  17:47  Hatchery  
  120  17:53  Zergling x2  
  120  17:56  Hatchery  
  120  17:58  Baneling Nest  
  107  18:17  Drone x2  
  109  18:25  Zergling x2  
  109  18:42  Baneling x4  
Tags
 
Add a new tag
Caveats
  • Supply blocks, unpowered buildings, or Contaminate may cause inaccurate times.
  • Supply counts are checked every 10 seconds.